 Dungeon Crawl Stone Soup version 0.27.1-33-g824d729ab1 (webtiles) character file.

Game seed: 2866423119996377287

176 pkoi the Ruffian (level 5, 0/38 (41) HPs)
             Began as a Draconian Warper on Dec 15, 2021.
             Slain by a wight (11 damage)
             ... on level 4 of the Dungeon.
             The game lasted 00:04:39 (5206 turns).

pkoi the Ruffian (Draconian Warper)                 Turns: 5206, Time: 00:04:39

HP:   0/38 (41)     AC:  6    Str: 10 (13) XL:     5   Next: 30%
MP:   8/8           EV: 12    Int: 13 (14) God:
Gold: 151           SH:  0    Dex:  8 (11) Spells: 3/8 levels left

rFire    . . .     SeeInvis .     - Unarmed
rCold    . . .     Faith    .   (no shield)
rNeg     . . .     Spirit   .   (armour unavailable)
rPois    .         Reflect  .   (helmet restricted)
rElec    .         Harm     .   g - +0 cloak
rCorr    .         Rampage  .   (no gloves)
Will     .....                  (no boots)
Stlth    +.........             (no amulet)
HPRegen  0.12/turn              (no ring)
MPRegen  0.11/turn              (no ring)

@: slowed, drained, very slow
A: AC +5, unfitting armour, cold-blooded, hooves 1
a: no special abilities


You were on level 4 of the Dungeon.
You visited 1 branch of the dungeon, and saw 4 of its levels.

You collected 151 gold pieces.

Inventory:

Missiles
 b - 5 boomerangs of dispersal (quivered)
 e - 34 poisoned darts
 l - 2 boomerangs
Armour
 g - a +0 cloak (worn)
Jewellery
 h - a +4 ring of evasion
 i - a +4 ring of evasion
 m - a +6 ring of dexterity
Wands
 j - a wand of flame (6)
Scrolls
 a - a scroll of blinking
 c - 6 scrolls of identify
 d - a scroll of silence {unknown}
 f - a scroll of fear {unknown}
Potions
 k - a potion of brilliance


   Skills:
 - Level 2.1 Fighting
 - Level 0.8 Throwing
 - Level 2.1 Dodging
 + Level 5.6 Unarmed Combat
 - Level 2.0 Spellcasting
 - Level 3.0 Translocations


You had 3 spell levels left.
You knew the following spells:

 Your Spells              Type           Power      Damage    Failure   Level
a - Blink                 Tloc           N/A        N/A       11%         2
b - Gell's Gravitas       Tloc           4%         N/A       22%         3

Your spell library contained the following spells:

 Spells                   Type           Power      Damage    Failure   Level
 Lesser Beckoning         Tloc           4%         N/A       22%         3
 Teleport Other           Tloc           9%         N/A       22%         3
 Manifold Assault         Tloc           9%         N/A       90%         5


Dungeon Overview and Level Annotations

Branches:
Dungeon (4/15)
 Temple: D:4-7

Altars:

Shops:
D:1 ?   D:3 *   D:4 (

Annotations:
D:2 1 runed translucent door, Crazy Yiuf


Innate Abilities, Weirdness & Mutations

Your plain brown scales are hard. (AC +5)
You cannot fit into any form of body armour.
You are cold-blooded and may be slowed by cold attacks.
You have large cloven feet.


Message History

You now have 134 gold pieces (gained 12).
You now have 138 gold pieces (gained 4).
Found 28 stones and 13 gold pieces.
You now have 151 gold pieces (gained 13).
There are monsters nearby!
The wight hits you with a +5 halberd of freezing!
You feel drained.
You feel yourself slow down. The wight freezes you.
You are too injured to fight recklessly!
You are too injured to fight recklessly!
You are too injured to fight recklessly!
You are too injured to fight recklessly!
You are too injured to fight recklessly!
You are too injured to fight recklessly!
You are too injured to fight recklessly!
You are too injured to fight recklessly!
You are too injured to fight recklessly!
You are too injured to fight recklessly!
You are too injured to fight recklessly!
You are too injured to fight recklessly!
You are too injured to fight recklessly!
You are too injured to fight recklessly!
You are too injured to fight recklessly!
You are too injured to fight recklessly!
You are too injured to fight recklessly!
You are too injured to fight recklessly!
You hit the wight but do no damage. The wight closely misses you.
The wight hits you with a +5 halberd of freezing!
* * * LOW HITPOINT WARNING * * *
You feel as though you will be slow longer.
The wight freezes you.
* * * LOW HITPOINT WARNING * * *
You hit the wight but do no damage. You kick the wight.
The wight is lightly damaged.
The wight closely misses you.
You barely miss the wight. You kick the wight, but do no damage.
You punch the wight, but do no damage.
The wight is lightly damaged.
The wight closely misses you.
The wight hits you with a +5 halberd of freezing!
You die...

#..........#
#........z.#
.#.....<....#
..(......?..###
.#...........>.
##$.......####
##..z.....#
#.z........#
#.@.........#
#.....≈≈≈...#
#....≈≈≈≈≈....
#....≈≈∩...###
###...≈≈≈≈≈
#......≈≈≈#
##.#########
#..# #.##


You could see 3 wights.

Vanquished Creatures
  An ogre (D:2)
  3 adders
  2 worms (D:3)
  3 ball pythons
  8 bats
  5 endoplasms
  3 giant cockroaches
  3 hobgoblins
  3 jackals (D:1)
  8 kobolds
  2 quokkas
  3 frilled lizards
  6 goblins
  6 rats
56 creatures vanquished.

Vanquished Creatures (others)
  21 plants (D:2)
21 creatures vanquished.

Grand Total: 77 creatures vanquished

Notes
Turn   | Place    | Note
-------+----------+-------------------------------------------
     0 | D:1      | pkoi the Draconian Warper began the quest for the Orb.
     0 | D:1      | Reached XP level 1. HP: 17/17 MP: 3/3
   384 | D:1      | Found Efenor's Magic Scroll Shoppe.
   389 | D:1      | Reached XP level 2. HP: 24/24 MP: 5/5
   442 | D:1      | Found a faded altar of an unknown god.
   525 | D:1      | Reached skill level 3 in Unarmed Combat
  1339 | D:1      | Reached XP level 3. HP: 24/29 MP: 6/6
  1676 | D:2      | Learned a level 2 spell: Blink
  1680 | D:2      | Learned a level 3 spell: Gell's Gravitas
  1929 | D:2      | Noticed an ogre
  2431 | D:3      | Found Orremeuz's General Store.
  2612 | D:2      | Found a runed translucent door.
  2613 | D:2      | Noticed Crazy Yiuf
  2691 | D:2      | Reached skill level 4 in Unarmed Combat
  3061 | D:2      | Killed an ogre
  3062 | D:2      | Reached skill level 5 in Unarmed Combat
  3062 | D:2      | Reached XP level 4. HP: 16/36 MP: 7/7
  3062 | D:2      | Reached XP level 5. HP: 19/41 MP: 8/8
  3752 | D:3      | Gained mutation: You tend to lose your temper in combat.
                  | [potion of mutation]
  3752 | D:3      | Gained mutation: You are dopey. (Int -2) [potion of
                  | mutation]
  3829 | D:3      | Lost mutation: You are dopey. (Int -2) [potion of mutation]
  3829 | D:3      | Lost mutation: You tend to lose your temper in combat.
                  | [potion of mutation]
  3829 | D:3      | Gained mutation: You have large cloven feet. [potion of
                  | mutation]
  4640 | D:4      | Found Mumexeor's Weapon Shoppe.
  5206 | D:4      | Slain by a wight

Illustrated notes

Levels and vault maps discovered:
D:1:      minmay_arrival_jagged, layout_loops_corners, serial_shops, shop,
          basic_ecumenical_altar, hangedman_decor_clover_reticule
D:2:      minmay_kobold_bridge, layout_basic, serial_bayou, serial_bayou_pond_e,
          serial_bayou_lagoon_a, serial_bayou_shore_b, serial_bayou_shore_a,
          serial_bayou_pond_c, serial_bayou_crossing, minivault_24,
          bh_walls_and_bars, uniq_crazy_yiuf_cottage
D:3:      layout_basic, serial_shops, nicolae_square_shop, grunt_ministairs_13
D:4:      layout_rooms, nicolae_overflow_crystal_walls, serial_shops,
          nicolae_shop_waterfront, minmay_distorted, uniq_blork_the_orc

Skill      XL: |  1  2  3 |
---------------+----------+-----
Unarmed Combat | 3 5 |  5.6
Fighting       | |  2.1
Throwing       | |  0.8
Dodging        | |  2.1
Spellcasting   | |  2.0
Translocations | |  3.0

Action                   |  1- 3 |  4- 6 || total
-------------------------+-------+-------++-------
Melee: Unarmed           |   145 |    73 ||   218
       Tailslap          |    13 |     4 ||    17
       Kick              |       |     7 ||     7
       Punch             |       |     1 ||     1
 Cast: Blink             |     1 |     1 ||     2
Evoke: Wand              |     4 |       ||     4
  Use: Scroll            |     4 |       ||     4
       Potion            |       |     5 ||     5
Armor: Skin              |    54 |    26 ||    80
Dodge: Dodged            |   113 |    56 ||   169
